 Dungeon Crawl Stone Soup version 0.22.1 (webtiles) character file.

1316 n0claF the Archer (level 8, 0/67 HPs)
             Began as a Centaur Hunter on Sept 18, 2018.
             Was a Believer of Okawaru.
             Slain by an orc warrior
             ... wielding a +0 mace
              (11 damage)
             ... on level 5 of the Dungeon.
             The game lasted 00:24:05 (9283 turns).

n0claF the Archer (Centaur Hunter)                  Turns: 9283, Time: 00:24:06

Health: 0/67       AC:  6    Str: 14    XL:     8   Next: 33%
Magic:  8/8        EV: 16    Int: 10    God:    Okawaru [**....]
Gold:   54         SH:  0    Dex: 18    Spells: 7/7 levels left

rFire    . . .     SeeInvis .   p - +0 spear (pierce)
rCold    + . .     Gourm    .   (no shield)
rNeg     . . .     Faith    +   c - +0 leather armour
rPois    .         Spirit   .   B - +0 helmet
rElec    .         Reflect  .   (no cloak)
rCorr    .         Harm     .   i - +0 pair of gloves
MR       .....                  (no barding)
Stlth    ++........             D - amulet of faith {!P}
HPRegen  0.21/turn              x - ring of protection from cold
MPRegen  0.11/turn              (no ring)

@: agile, very quick
A: large, hooves 3, deformed body, speed 2, tough skin 3
a: Heroism, Renounce Religion


You were on level 5 of the Dungeon.
You worshipped Okawaru.
Okawaru was pleased with you.
You were not hungry.

You visited 1 branch of the dungeon, and saw 6 of its levels.

You collected 294 gold pieces.
You spent 240 gold pieces at shops.

Inventory:

Hand Weapons
 a - a +1 shortbow
 k - a +0 hunting sling
   (You found it on level 1 of the Dungeon)
 p - a +0 spear of piercing (weapon)
   (You took it off a gnoll on level 2 of the Dungeon)
Missiles
 l - 205 stones (quivered)
 s - 3 throwing nets {!f}
 A - 10 sling bullets
Armour
 c - a +0 leather armour (worn)
 i - a +0 pair of gloves (worn)
   (You found it on level 6 of the Dungeon)
 B - a +0 helmet (worn)
   (You found it on level 3 of the Dungeon)
Jewellery
 g - an uncursed amulet of guardian spirit
   (You found it on level 1 of the Dungeon)
 m - an uncursed ring of resist corrosion {unknown}
   (You found it on level 6 of the Dungeon)
 x - a ring of protection from cold (left hand)
   (You found it on level 3 of the Dungeon)
 D - an amulet of faith (around neck) {!P}
   (You found it on level 5 of the Dungeon)
Wands
 d - a wand of iceblast (9)
   (You found it on level 3 of the Dungeon)
Scrolls
 h - 3 scrolls of remove curse {@r2}
 n - 3 scrolls of teleportation {@r4}
 o - 4 scrolls of enchant weapon
 q - 2 scrolls of magic mapping
 u - a scroll of amnesia {unknown}
 v - a scroll of vulnerability {unknown}
 E - a scroll of blinking
Potions
 b - a potion of invisibility
 r - 2 potions of lignification {!q}
 t - a potion of magic
 w - a potion of flight
 z - 3 potions of mutation {unknown}
 C - a potion of brilliance {unknown}
Comestibles
 e - 7 rations {!d}


   Skills:
 + Level 4.9 Fighting
 + Level 4.4 Slings
 * Level 10.0 Bows
 + Level 3.6 Dodging
 - Level 0.4 Stealth


You had 7 spell levels left.
You didn't know any spells.
Your spell library contained the following spells:

 Spells                   Type           Power        Failure   Level  Hunger
 Magic Dart               Conj           #...         43%         1    ##.....
 Blink                    Tloc           N/A          58%         2    ###....
 Call Imp                 Summ           #.......     58%         2    ###....
 Slow                     Hex            #.......     58%         2    ###....
 Conjure Flame            Conj/Fire      #.......     82%         3    ####...
 Mephitic Cloud           Conj/Pois/Air  #.......     82%         3    ####...


Dungeon Overview and Level Annotations

Branches:
Dungeon (6/15)             Temple (0/1) D:5

Altars:
Ashenzari
Dithmenos
Gozag
Okawaru
Yredelemnul

Shops:
D:5 %:=*=


Innate Abilities, Weirdness & Mutations

You have hooves in place of feet.
Armour fits poorly on your strangely shaped body.
You cover ground very quickly.
You have extremely tough skin. (AC +3)


Message History

You shoot a sling bullet. The sling bullet hits the ogre.
The ogre misses you.
Firing (i - inventory. (/) - cycle)
A - 13 sling bullets (quivered)
Aim: an ogre, wielding a giant spiked club (almost dead)
You shoot a sling bullet. The sling bullet hits the ogre.
You kill the ogre!
Okawaru accepts your kill.
Your Bows skill increases to level 10!
Firing (i - inventory. (/) - cycle)
A - 12 sling bullets (quivered)
Aim: an orc warrior, wielding a mace and wearing a chain mail You shoot a sling bullet.
The sling bullet completely misses the orc warrior.
The sling bullet hits the orc.
The orc warrior hits you with a mace!
You climb upwards.
There is a stone staircase leading down here.
Firing (i - inventory. (/) - cycle)
A - 11 sling bullets (quivered)
Aim: an orc warrior, wielding a mace and wearing a chain mail You shoot a sling bullet.
The sling bullet hits the orc warrior but does no damage.
The orc warrior hits you with a mace!!
* * * LOW HITPOINT WARNING * * *
p - a +0 spear of piercing (weapon)
You closely miss the orc warrior. The orc warrior closely misses you.
You hit the orc warrior but do no damage.
The orc warrior hits you with a mace!!
* * * LOW HITPOINT WARNING * * *
You feel much better. The orc warrior hits you with a mace!
* * * LOW HITPOINT WARNING * * *
Okay, then.
You feel agile all of a sudden. The orc warrior misses you.
You barely miss the orc warrior. You kick the orc warrior.
The orc warrior barely misses you.
You hit the orc warrior but do no damage.
You kick the orc warrior, but do no damage.
The orc warrior hits you with a mace.
* * * LOW HITPOINT WARNING * * *
You hit the orc warrior. The orc warrior misses you.
You hit the orc warrior but do no damage.
You kick the orc warrior, but do no damage.
The orc warrior misses you.
You hit the orc warrior but do no damage.
You kick the orc warrior.
You hit the orc warrior but do no damage.
The orc warrior hits you with a mace.
* * * LOW HITPOINT WARNING * * *
You hit the orc warrior but do no damage.
You kick the orc warrior. The orc warrior misses you.
You hit the orc warrior. The orc warrior hits you with a mace!
You die...

####......####...###..#.#..#
#.#####.......# #..#.#..# #.#
#.......# #..#.#..# #.# #.......#
#..#.#..# #.# #.......# #.......#
#.## #∩......# ####.#### # #..#
#.......# #.# # ##.# #.......#
###.# # #.####.....@o# #...# #
#.##......##.# #.### #
#....#.##.##.# #.# #
#............# #.#
######.##.#..#.#..####.##########
..<..#.##.#..#.........##........
...#.#.##.........#######.#.###.#
##...#.#####.#.#.## #.#.##...
##.##.#####.....# #.......#


You could see an orc warrior.

Vanquished Creatures
  An orc warrior (D:5)
  2 phantoms (D:5)
  3 ogres
  A bullfrog (D:6)
  A scorpion (D:4)
  A howler monkey (D:6)
  3 centaur skeletons
  3 orc priests
  4 orc wizards
  An iguana (D:5)
  3 worker ants
  7 gnolls
  7 adders
  2 shadow imps
  An ooze (D:5)
  A worm (D:2)
  2 leopard geckos
  20 orcs
  5 giant cockroaches
  6 goblins
  6 hobgoblins
  5 jackals
  2 quokkas
  9 bats
  10 frilled lizards
  7 kobolds
  12 rats
125 creatures vanquished.

Notes
Turn   | Place    | Note
-------+----------+-------------------------------------------
     0 | D:1      | n0claF the Centaur Hunter began the quest for the Orb.
     0 | D:1      | Reached XP level 1. HP: 17/17 MP: 1/1
   315 | D:1      | Reached XP level 2. HP: 24/24 MP: 2/2
   757 | D:2      | Found a shadowy altar of Dithmenos.
   810 | D:2      | Reached skill level 6 in Bows
   824 | D:2      | Reached XP level 3. HP: 26/30 MP: 3/3
   885 | D:2      | Found a shattered altar of Ashenzari.
  1492 | D:2      | Reached XP level 4. HP: 13/37 MP: 4/4
  1791 | D:2      | Reached skill level 1 in Slings
  3144 | D:2      | Found an iron altar of Okawaru.
  3148 | D:2      | Became a worshipper of Warmaster Okawaru
  3158 | D:2      | Found an opulent altar of Gozag.
  3181 | D:2      | Reached XP level 5. HP: 40/45 MP: 5/5
  3897 | D:3      | Reached skill level 7 in Bows
  4817 | D:4      | Reached XP level 6. HP: 26/51 MP: 4/6
  5151 | D:4      | Reached * piety under Okawaru
  6443 | D:4      | Reached skill level 8 in Bows
  6583 | D:5      | Entered Level 5 of the Dungeon
  6583 | D:5      | Found a staircase to the Ecumenical Temple.
  6824 | D:5      | Reached XP level 7. HP: 29/58 MP: 5/7
  7268 | D:5      | Found Xipn's Jewellery Emporium.
  7292 | D:5      | Found a basalt altar of Yredelemnul.
  7334 | D:5      | Found Efidim's General Store.
  7344 | D:5      | Bought a scroll of enchant weapon for 90 gold pieces
  7344 | D:5      | Bought a scroll of blinking for 90 gold pieces
  7344 | D:5      | Bought a potion of heal wounds for 60 gold pieces
  7654 | D:5      | Reached skill level 9 in Bows
  7963 | D:5      | Found Ciuzoeh's Jewellery Shoppe.
  8018 | D:5      | Found Astrap's Book Emporium.
  8031 | D:5      | Found Qumeqa's Food Boutique.
  8350 | D:5      | Reached XP level 8. HP: 42/67 MP: 6/8
  8560 | D:6      | Reached ** piety under Okawaru
  9266 | D:6      | Reached skill level 10 in Bows
  9283 | D:5      | Slain by an orc warrior

Skill      XL: |  1  2  3  4  5  6  7  8 |
---------------+-------------------------+-----
Bows           | 6 7 8 9 10 | 10.0
Dodging        | 2 3 |  3.6
Slings         | 1 2 3 4 |  4.4
Fighting       | 3 4 |  4.9
Stealth        | |  0.4

Action                   |  1- 3 |  4- 6 |  7- 9 || total
-------------------------+-------+-------+-------++-------
Melee: Spear             |       |    35 |   137 ||   172
       Kick              |       |     9 |    40 ||    49
 Fire: Shortbow          |    75 |    46 |    52 ||   173
       Hunting sling     |    53 |   283 |    10 ||   346
Throw: Stone             |     9 |     5 |    23 ||    37
  Use: Scroll            |       |       |    13 ||    13
       Potion            |       |       |     3 ||     3
  Eat: Chunk             |       |    11 |     6 ||    17
       Ration            |       |     1 |     1 ||     2
Armor: Leather armour    |    32 |    40 |    30 ||   102
Dodge: Dodged            |    44 |    87 |    77 ||   208
